 Dungeon Crawl Stone Soup version 0.29.1-2-gbd0b4ee654 (webtiles) character file.

Game seed: 4720969072532837134

330 Avanven the Spear-Bearer (level 6, -3/44 HPs)
             Began as a Merfolk Gladiator on Nov 4, 2022.
             Was an Initiate of Okawaru.
             Slain by a gnoll
             ... wielding a +0 halberd
              (11 damage)
             ... on level 4 of the Dungeon.
             The game lasted 00:06:19 (3557 turns).

Avanven the Spear-Bearer (Merfolk Gladiator)        Turns: 3557, Time: 00:06:19

Health: -3/44      AC:  4    Str: 22    XL:     6   Next: 51%
Magic:  6/6        EV: 14    Int:  8    God:    Okawaru [......]
Gold:   261        SH:  0    Dex: 15    Spells: 5/5 levels left

rFire   + . .      SeeInvis .   a - +0 trident (chaos)
rCold   . . .      Faith    .   (no shield)
rNeg    . . .      Spirit   .   b - +0 leather armour
rPois   .          Reflect  .   c - +0 helmet
rElec   .          Harm     .   (no cloak)
rCorr   .          Rampage  .   (no gloves)
Will    .....                   (no boots)
Stlth   +.........              (no amulet)
HPRegen 0.14/turn               f - +6 ring of strength
MPRegen 0.10/turn               m - ring of protection from fire

@: no status effects
A: (nimble swimmer 2), mertail
a: Renounce Religion


You were on level 4 of the Dungeon.
You worshipped Okawaru.
Okawaru was noncommittal.
You visited 2 branches of the dungeon, and saw 5 of its levels.

You collected 261 gold pieces.

Inventory:

Hand Weapons
 a - a +0 trident of chaos (weapon)
 k - a +2 sling of freezing
Missiles
 d - 3 throwing nets (quivered)
 e - 4 javelins
Armour
 b - a +0 leather armour (worn)
 c - a +0 helmet (worn)
 j - a +0 pair of gloves
 l - a +0 helmet
 u - an orb of light
Jewellery
 f - a +6 ring of strength (left hand)
 m - a ring of protection from fire (right hand)
Scrolls
 h - a scroll of immolation
 n - a scroll of magic mapping
Potions
 p - a potion of might {unknown}
 q - 2 potions of flight {unknown}
 r - a potion of mutation {unknown}
 t - a potion of curing {unknown}


   Skills:
 - Level 2.1 Fighting
 * Level 8.0 Polearms
 - Level 2.0 Throwing
 - Level 5.9 Dodging
 + Level 1.2 Invocations


You had 5 spell levels left.
You didn't know any spells.
Your spell library contained the following spells:

 Spells                   Type           Power      Damage    Failure   Level
 Sandblast                Erth           0%         2d4       45%         1
 Passwall                 Tmut/Erth      0%         N/A       58%         2
 Stone Arrow              Conj/Erth      0%         3d7       83%         3


Dungeon Overview and Level Annotations

Branches:
Dungeon (4/15)             Temple (1/1) D:4

Altars:
Cheibriados
Dithmenos
Elyvilon
Fedhas
Hepliaklqana
Kikubaaqudgha
Makhleb
Nemelex Xobeh
Okawaru
Qazlal
Ru
Sif Muna
Trog
Uskayaw
Vehumet
Wu Jian
Yredelemnul
Zin
The Shining One

Shops:
D:1 (

Annotations:
D:4 Dowan, Duvessa


Innate Abilities, Weirdness & Mutations

((You are very nimble when in or above water. (Stealth+, EV+, Speed+++)))
Your lower body shifts to a powerful aquatic tail in water.


Message History

Aim: a gnoll, wielding a +0 spear (moderately wounded, about 34% to evade your +0 trident of chaos)
You reach to attack!
You closely miss the gnoll.
The gnoll is moderately wounded.
The gnoll misses you. The gnoll barely misses you.
Reach: a) +0 trident (chaos)
Press: ? - help, Dir - move target, f/p - gnoll
Aim: a gnoll, wielding a +0 spear (moderately wounded, about 34% to evade your +0 trident of chaos)
You reach to attack!
You hit the gnoll.
The gnoll is heavily wounded.
The gnoll hits you but does no damage.
The gnoll hits you from afar with a +0 halberd.
Reach: a) +0 trident (chaos)
Press: ? - help, Dir - move target, f/p - gnoll
Aim: a gnoll, wielding a +0 spear (heavily wounded, about 34% to evade your +0 trident of chaos)
You reach to attack!
You barely miss the gnoll.
The gnoll is heavily wounded.
The gnoll hits you from afar with a +0 spear.
The gnoll hits you from afar with a +0 halberd.
Reach: a) +0 trident (chaos)
Press: ? - help, Dir - move target, f/p - gnoll
Aim: a gnoll, wielding a +0 spear (heavily wounded, about 34% to evade your +0 trident of chaos)
You reach to attack!
You barely miss the gnoll.
The gnoll is heavily wounded.
The gnoll hits you from afar with a +0 spear!
* * * LOW HITPOINT WARNING * * *
The gnoll closely misses you.
Reach: a) +0 trident (chaos)
Press: ? - help, Dir - move target, f/p - gnoll
Aim: a gnoll, wielding a +0 spear (heavily wounded, about 34% to evade your +0 trident of chaos)
You reach to attack!
You closely miss the gnoll.
The gnoll is heavily wounded.
Unknown command.
Reach: a) +0 trident (chaos)
Press: ? - help, Dir - move target, f/p - gnoll
Aim: a gnoll, wielding a +0 spear (heavily wounded, about 34% to evade your +0 trident of chaos)
You reach to attack!
You hit the gnoll. You freeze the gnoll.
You kill the gnoll!
Okawaru accepts your kill.
The gnoll hits you from afar with a +0 halberd!
You die...

..... ### ..... ....#.
...... ....... ......
.....#.#
......#####......#+
.....)............. ....
.....g.)........... ....
#....†@................
...#.............#......
.......#.........#......
...##.##.....#+#.#......
.. ..........'..........
. ....##.....#.#.#......
.... #.........#......
.!.. #.........#......
#.#####..........


You could see a gnoll.

Vanquished Creatures
  An ogre (D:3)
  A howler monkey (D:3)
  2 hounds (D:4)
  Natasha (D:4)
  An iguana (D:4)
  2 adders
  2 gnolls (D:4)
  A worm (D:2)
  5 dart slugs
  7 bats
  8 endoplasms
  3 giant cockroaches
  2 goblins
  5 hobgoblins
  2 jackals (D:2)
  3 quokkas
  5 ball pythons
  4 frilled lizards
  6 kobolds
  3 rats
64 creatures vanquished.

Notes
Turn   | Place    | Note
-------+----------+-------------------------------------------
     0 | D:1      | Avanven the Merfolk Gladiator began the quest for the Orb.
     0 | D:1      | Reached XP level 1. HP: 16/16 MP: 1/1
   128 | D:1      | Reached XP level 2. HP: 22/22 MP: 2/2
   165 | D:1      | Found Tete Wit's Antique Weapon Shop.
   654 | D:2      | Reached skill level 5 in Polearms
   726 | D:2      | Reached XP level 3. HP: 27/27 MP: 3/3
  1381 | D:2      | Reached XP level 4. HP: 33/33 MP: 4/4
  1411 | D:2      | Identified the +0 ring mail "Iros" {Harm}
  1786 | D:3      | Reached skill level 6 in Polearms
  1786 | D:3      | Reached skill level 5 in Dodging
  2119 | D:3      | Noticed an ogre
  2127 | D:3      | Killed an ogre
  2128 | D:3      | Reached skill level 7 in Polearms
  2128 | D:3      | Reached XP level 5. HP: 38/38 MP: 5/5
  2338 | D:3      | Found a faded altar of an unknown god.
  2580 | D:4      | Reached XP level 6. HP: 44/44 MP: 6/6
  2612 | D:4      | Noticed Duvessa
  2613 | D:4      | Noticed Dowan
  2844 | D:4      | Found a staircase to the Ecumenical Temple.
  2853 | Temple   | Entered the Ecumenical Temple
  2950 | Temple   | Became a worshipper of Warmaster Okawaru
  3427 | D:4      | Noticed Natasha
  3438 | D:4      | Killed Natasha
  3542 | D:4      | Reached skill level 1 in Invocations
  3550 | D:4      | Reached skill level 8 in Polearms
  3557 | D:4      | Slain by a gnoll

Illustrated notes

Levels and vault maps discovered:
D:1:      eino_arrival_water_cross, layout_basic, serial_shops, shop,
          kennysheep_small_spiral
D:2:      layout_loops_ring
D:3:      layout_loops_cross, dilly_ecumenical_altar_fadedgnrine
D:4:      layout_basic, grunt_gozag_breadcrumbs,
          minmay_temple_entry_sparse_star, dreamdust_gnoll_farm, uniq_edmund,
          uniq_duvessa, uniq_blork_the_orc, uniq_natasha
Temple:   regret_index_temple_sigil_plot

Skill      XL: |  1  2  3  4  5  6 |
---------------+-------------------+-----
Polearms       | 5 7 8 |  8.0
Dodging        | 5 |  5.9
Invocations    | 1 |  1.2
Fighting       | |  2.1
Throwing       | |  2.0

Action                   |  1- 3 |  4- 6 || total
-------------------------+-------+-------++-------
Melee: Trident           |    89 |   112 ||   201
  Use: Scroll            |       |     6 ||     6
 Stab: Sleeping          |     2 |     3 ||     5
Armor: Leather armour    |    16 |    16 ||    32
Dodge: Dodged            |    37 |    63 ||   100
